 Dungeon Crawl Stone Soup version bcrawl-1.31.4 (webtiles) character file.

Game seed: 4975478831865341804

218749 Morbidden the Shooter (level 7, -9/42 HPs)
             Began as a Skeleton Arcane Marksman on May 28, 2021.
             Mangled by a slime creature (17 damage)
             ... on level 5 of the Dungeon.
             The game lasted 00:07:47 (4421 turns).

Morbidden the Shooter (Skeleton Arcane Marksman)    Turns: 4421, Time: 00:07:48

Health: -9/42      AC:  3    Str: 17    XL:     7   Next: 74%
Magic:  0/15       EV: 12    Int: 13    God:
Gold:   241        SH:  0    Dex:  9    Spells: 14/17 levels left

rFire    . . .     SeeInvis .   b - +2 spear (venom)
rCold    + . .     Gourm    .   (no shield)
rNeg     + + +     Faith    .   s - +0 leather armour
rPois    ∞         Spirit   +   (no helmet)
rElec    .         Reflect  .   (no cloak)
rCorr    +         Harm     .   (no gloves)
MR       +....                  (no boots)
Stlth    +.........             (no amulet)
HPRegen  0.14/turn              f - ring of resist corrosion
MPRegen  0.14/turn              (no ring)

@: no status effects
A: no food or potions, cold resistance 1, deterioration 1, negative energy
resistance 3, powered by death 1, torment resistance, unbreathing, magic shield,
sturdy frame 1, spell healing
a: no special abilities


You were on level 5 of the Dungeon.
You were not hungry.

You visited 1 branch of the dungeon, and saw 5 of its levels.

You collected 241 gold pieces.

Inventory:

Hand Weapons
 a - a +1 shortbow
 b - a +2 spear of venom (weapon)
 n - a +0 dagger
 q - a +0 falchion
Missiles
 e - 468 arrows
Armour
 c - a +0 robe
 s - a +0 leather armour (worn)
Magical Staves
 h - an uncursed staff of power {unknown}
Jewellery
 f - a ring of resist corrosion (left hand)
Scrolls
 d - 2 scrolls of teleportation
 g - 2 scrolls of immolation {unknown}
 i - 3 scrolls of identify
 j - 5 scrolls of remove curse {unknown}
 l - 2 scrolls of fog {unknown}
 o - a scroll of enchant weapon {unknown}
 p - a scroll of magic mapping {unknown}
 r - a scroll of amnesia {unknown}


   Skills:
 * Level 3.9 Fighting
 + Level 2.0 Polearms
 * Level 7.0 Bows
 * Level 3.8 Dodging
 + Level 0.5 Stealth
 * Level 5.6 Spellcasting
 + Level 4.2 Hexes


You had 14 spell levels left.
You knew the following spells:

 Your Spells              Type           Power        Failure   Level  Hunger
a - Corona                Hex            ##.....      3%          1    N/A
b - Shackle               Hex            ##......     4%          2    N/A

Your spell library contained the following spells:

 Spells                   Type           Power        Failure   Level  Hunger
 False Image              Hex/Summ       #.......     22%         3    N/A
 Inner Flame              Hex/Fire       N/A          22%         3    N/A
 Passwall                 Tmut/Erth      #.......     26%         2    N/A
 Sticks to Snakes         Tmut           #.......     26%         2    N/A
 Cause Fear               Hex            ##........   32%         4    N/A
 Yara's Violent Unravell  Hex/Tmut       #.........   58%         4    N/A
 Beastly Appendage        Tmut           Unusable     N/A         1    N/A
 Spider Form              Tmut/Pois      Unusable     N/A         3    N/A
 Ice Form                 Ice/Tmut       Unusable     N/A         4    N/A
 Blade Hands              Tmut           Unusable     N/A         5    N/A

Dungeon Overview and Level Annotations

Branches:
Dungeon (5/12)
 Temple: D:4-7

Altars:
Dithmenos
Elyvilon
Nemelex Xobeh
Trog


Innate Abilities, Weirdness & Mutations

You do not eat or drink.
You are immune to poison.
Your flesh is cold resistant. (rC+)
Your body sometimes deteriorates upon taking damage.
You are immune to negative energy. (rN+++)
You regenerate a little health from kills.
You are immune to unholy pain and torment.
You can survive without breathing.
When hurt, damage is shared between your health and your magic reserves.
Your movements are slightly less encumbered by armour. (ER -2)
Casting spells heals you.


Message History

You hit the slime creature.
The slime creature is lightly wounded.
The slime creature hits you!!
You hit the slime creature but do no damage.
The slime creature is lightly wounded.
The slime creature hits you.
You puncture the slime creature!
The slime creature is lightly wounded.
The slime creature hits you.
You barely miss the slime creature.
The slime creature is lightly wounded.
The slime creature hits you but does no damage.
You barely miss the slime creature.
The slime creature is lightly wounded.
The slime creature hits you!
* * * LOW HITPOINT WARNING * * *
You hit the slime creature.
The slime creature is lightly wounded.
The slime creature hits you!!
You die...

#§§§._§§J...#...........
#.#§#§#§#...##..........
#.§#.§.#......>.........
##.##.#.....############
#.##...#...# #.
#.########### #. #)#
#...# #.
#.#######...##########.
#....J@................
###............#.......
#.##########.#.####..
#.# #.#..#.... #.#
#.#....... #.#
#...######
#.##########...#
#..........#..##
##########.#..#


You could see a slime creature.

Vanquished Creatures
  Grinder (D:3)
  A sky beast (D:5)
  A phantom (D:3)
  2 ogres
  A scorpion (D:5)
  3 orc wizards
  A hound (D:4)
  2 hound skeletons
  3 gnolls (D:3)
  2 adders
  2 worms
  A dart slug (D:1)
  A leopard gecko (D:2)
  14 orcs
  3 giant cockroaches
  5 goblins
  6 hobgoblins
  6 jackals (D:4)
  4 quokkas
  5 bats
  5 frilled lizards
  A jackal zombie (D:5)
  4 kobolds (D:2)
  9 rats
83 creatures vanquished.

Notes
Turn   | Place    | Note
-------+----------+-------------------------------------------
     0 | D:1      | Morbidden the Skeleton Arcane Marksman began the quest for
                  | the Orb.
     0 | D:1      | Reached XP level 1. HP: 12/12 MP: 4/4
   274 | D:1      | Reached XP level 2. HP: 13/17 MP: 6/6
   530 | D:1      | Reached skill level 3 in Bows
  1257 | D:2      | Reached XP level 3. HP: 22/22 MP: 5/7
  1268 | D:2      | Learned a level 2 spell: Shackle
  1709 | D:2      | Found a bloodstained altar of Trog.
  1874 | D:3      | Reached XP level 4. HP: 25/27 MP: 0/9
  2390 | D:3      | Noticed Grinder
  2400 | D:3      | Paralysed by Grinder for 4 turns
  2415 | D:3      | Killed Grinder
  2416 | D:3      | Reached skill level 5 in Bows
  2416 | D:3      | Reached XP level 5. HP: 21/32 MP: 2/11
  2416 | D:3      | Gained mutation: You regenerate a little health from kills.
                  | [Skeleton growth]
  2416 | D:3      | Reached XP level 6. HP: 25/37 MP: 2/12
  2793 | D:3      | Noticed a moth of wrath
  2795 | D:3      | Found a bloodstained altar of Trog.
  2965 | D:3      | Reached skill level 1 in Polearms
  2965 | D:3      | Reached skill level 5 in Spellcasting
  3129 | D:4      | Reached XP level 7. HP: 24/41 MP: 9/14
  3202 | D:4      | Found a sparkling altar of Nemelex Xobeh.
  3245 | D:4      | Reached skill level 6 in Bows
  3695 | D:5      | Entered Level 5 of the Dungeon
  3741 | D:5      | Found a shadowy altar of Dithmenos.
  3948 | D:5      | Reached skill level 7 in Bows
  4130 | D:5      | Found a white marble altar of Elyvilon.
  4131 | D:5      | Noticed a slime creature
  4421 | D:5      | Mangled by a slime creature

Skill      XL: |  1  2  3  4  5  6  7 |
---------------+----------------------+-----
Bows           | 3 5 7 |  7.0
Fighting       | 3 |  3.9
Spellcasting   | 4 5 |  5.6
Dodging        | 3 |  3.8
Hexes          | 4 |  4.2
Polearms       | 1 2 |  2.0
Stealth        | |  0.5

Action                   |  1- 3 |  4- 6 |  7- 9 || total
-------------------------+-------+-------+-------++-------
Melee: Dagger            |    40 |       |       ||    40
       Spear             |       |    46 |    56 ||   102
 Fire: Shortbow          |    95 |    60 |    30 ||   185
 Cast: Corona            |    26 |    18 |     4 ||    48
       Shackle           |     5 |     4 |     2 ||    11
  Use: Scroll            |     1 |     1 |     1 ||     3
Armor: Robe              |    26 |     1 |       ||    27
       Leather armour    |       |    11 |    13 ||    24
Dodge: Dodged            |    60 |    47 |    27 ||   134
